 Dungeon Crawl Stone Soup version 0.27-a0-1193-g8631133539 (webtiles) character file.

Game seed: 10972712117635167447

31 Zonian the Firebug (level 3, 0/24 HPs)
             Began as a Human Fire Elementalist on May 26, 2021.
             Slain by Robin
             ... wielding a +4 club
              (3 damage)
             ... on level 2 of the Dungeon.
             The game lasted 00:03:32 (2576 turns).

Zonian the Firebug (Human Fire Elementalist)        Turns: 2576, Time: 00:03:33

Health: 0/24       AC:  2    Str:  8    XL:     3   Next: 40%
Magic:  2/6        EV: 12    Int: 16    God:
Gold:   98         SH:  0    Dex: 13    Spells: 5/6 levels left

rFire    + . .     SeeInvis .   b - +0 whip
rCold    . . .     Faith    .   (no shield)
rNeg     . . .     Spirit   .   a - +0 robe
rPois    .         Reflect  .   (no helmet)
rElec    .         Harm     .   (no cloak)
rCorr    .         Rampage  .   (no gloves)
Will     .....                  (no boots)
Stlth    ++........             (no amulet)
HPRegen  0.08/turn              e - ring of protection from fire
MPRegen  0.10/turn              (no ring)

@: no status effects
A: no striking features
a: no special abilities


You were on level 2 of the Dungeon.
You visited 1 branch of the dungeon, and saw 2 of its levels.

You collected 98 gold pieces.

Inventory:

Hand Weapons
 b - a +0 whip (weapon)
Missiles
 c - 7 javelins
Armour
 a - a +0 robe (worn)
Jewellery
 e - a ring of protection from fire (left hand)
Scrolls
 f - 2 scrolls of fog {unknown}
Potions
 d - a potion of curing {unknown}
 g - a potion of heal wounds {unknown}


   Skills:
 + Level 0.3 Fighting
 + Level 0.1 Maces & Flails
 + Level 2.0 Dodging
 + Level 2.2 Stealth
 + Level 2.4 Spellcasting
 + Level 1.1 Conjurations
 + Level 3.5 Fire Magic


You had 5 spell levels left.
You knew the following spells:

 Your Spells              Type           Power      Damage    Failure   Level
a - Foxfire               Conj/Fire      36%        2x1d5     8%          1

Your spell library contained the following spells:

 Spells                   Type           Power      Damage    Failure   Level
 Conjure Flame            Conj/Fire      9%         6-21      22%         3
 Inner Flame              Hex/Fire       7%         N/A       28%         3
 Sticky Flame             Conj/Fire      9%         2d3       58%         4
 Fireball                 Conj/Fire      4%         3d4       91%         5


Dungeon Overview and Level Annotations

Branches:
Dungeon (2/15)

Altars:

Annotations:
D:2 Robin


Message History

A goblin comes into view. It is wielding a +0 dagger.
Unknown command.
You hit Robin.
Robin is moderately wounded.
The foxfire hits Robin.
Robin is heavily wounded.
The foxfire hits Robin but does no damage.
Robin is heavily wounded.
Robin roars a battlecry!
The goblins go into a battle-frenzy!
You hear a shout! x2
Casting: Foxfire (safe; 8% risk of failure)
Confirm with . or Enter, or press ? or * to list all spells.
You conjure some foxfire!
Robin closely misses you.
A hobgoblin comes into view.
Unknown command.
You hit Robin but do no damage.
Robin is heavily wounded.
The foxfire hits Robin.
Robin is heavily wounded.
The foxfire hits Robin but does no damage.
Robin is heavily wounded.
Robin hits you with a +4 club.
Casting: Foxfire (safe; 8% risk of failure)
Confirm with . or Enter, or press ? or * to list all spells.
You conjure some foxfire!
Robin hits you with a +4 club!
A goblin comes into view. It is wielding a +0 dagger.
The goblin closely misses you.
Unknown command.
You hit Robin.
Robin is heavily wounded.
The foxfire hits Robin.
Robin is severely wounded.
The foxfire hits Robin.
Robin is almost dead.
Robin hits you with a +4 club.
* * * LOW HITPOINT WARNING * * *
A goblin comes into view. It is wielding a +0 dagger.
The goblin closely misses you. Robin hits you with a +4 club.
You die...

#.##.#####.#
#####.#..#####.#
####.#............#######
........................#
..##.#.###..####....#####
#......###..####.##.#
.........g.g.......>#
#.###..###..gg.g.§..# ###
#..# #....gg@...########
#####..# #....gg...........#
....#..# #..#####...######.#
.......# #.)##......# #.#
....#.####..#.......# #.#
#####.g.....#.......# #.#
......####..#.......# #.#
....†.####..#.......# #.#
......#.............######.#


You could see Robin, 2 hobgoblins and 6 goblins.

Vanquished Creatures
  A dart slug (D:2)
  2 ball pythons (D:1)
  2 bats
  An endoplasm (D:2)
  A giant cockroach (D:1)
  2 goblins (D:2)
  7 hobgoblins
  4 kobolds
  2 quokkas
  A frilled lizard (D:2)
  A rat (D:1)
24 creatures vanquished.

Vanquished Creatures (others)
  52 foxfires
  9 toadstools (D:2)
61 creatures vanquished.

Grand Total: 85 creatures vanquished

Notes
Turn   | Place    | Note
-------+----------+-------------------------------------------
     0 | D:1      | Zonian the Human Fire Elementalist began the quest for the
                  | Orb.
     0 | D:1      | Reached XP level 1. HP: 13/13 MP: 3/3
   569 | D:1      | Reached XP level 2. HP: 17/19 MP: 3/5
  1984 | D:2      | Reached XP level 3. HP: 24/24 MP: 6/6
  2468 | D:2      | Noticed Robin
  2576 | D:2      | Slain by Robin

Illustrated notes

Levels and vault maps discovered:
D:1:      wander_arrival_estate, layout_basic
D:2:      cheibrodos_fertilizer, layout_basic, basic_altar,
          ebering_ecumenical_altar_box, grunt_ministairs_7, uniq_sigmund,
          uniq_robin

Action                   || total
-------------------------++-------
Melee: Whip              ||    74
       Unarmed           ||     5
 Cast: Foxfire           ||    32
 Stab: Sleeping          ||     3
Armor: Robe              ||    12
Dodge: Dodged            ||    71

Table legend: (Time is in decaauts)
 A = Elapsed time spent in this place.
 B = Non-inter-level travel time spent in this place.
 C = Inter-level travel time spent in this place.
 D = Time resting spent in this place.
 E = Time spent auto-exploring this place.
 F = Levels seen in this place.
 G = Mean time per level.
                   A        B        C        D        E       F      G
               +--------+--------+--------+--------+--------+-----+--------+
         Total |   2581 |   2559 |     22 |    993 |   1241 |   2 | 1290.5 |
       Dungeon |   2581 |   2559 |     22 |    993 |   1241 |   2 | 1290.5 |
               +--------+--------+--------+--------+--------+-----+--------+

Top non-repeatable levels by time:
     D:1: 1451 daAuts
     D:2: 1129 daAuts
